 Dungeon Crawl Stone Soup version 0.29.1 (webtiles) character file.

Game seed: 11315682223727629036

281 qw the Chopper (level 6, 0/39 HPs)
             Began as a Gargoyle Fighter on Sept 13, 2022.
             Slain by Duvessa
             ... wielding a +0 rapier
              (1 damage)
             ... on level 4 of the Dungeon.
             The game lasted 00:01:05 (3407 turns).

qw the Chopper (Gargoyle Fighter)                   Turns: 3407, Time: 00:01:05

Health: 0/39       AC: 11    Str: 21    XL:     6   Next: 27%
Magic:  6/6        EV:  9    Int:  9    God:
Gold:   195        SH:  4    Dex:  9    Spells: 5/5 levels left

rFire   . . .      SeeInvis .   Y - +1 war axe
rCold   . . .      Faith    .   c - +0 buckler
rNeg    + + .      Spirit   .   b - +0 scale mail
rPois   inf        Reflect  .   (no helmet)
rElec   +          Harm     .   (no cloak)
rCorr   .          Rampage  .   (no gloves)
Will    .....                   (no boots)
Stlth   ..........              (no amulet)
HPRegen 0.13/turn               k - ring of positive energy
MPRegen 0.10/turn               (no ring)

@: about to teleport
A: sickness immunity, AC +4, negative energy resistance 1, electricity
resistance, torment resistance 1, petrification resistance
a: no special abilities


You were on level 4 of the Dungeon.
You visited 1 branch of the dungeon, and saw 4 of its levels.

You collected 195 gold pieces.


Innate Abilities, Weirdness & Mutations

You are immune to sickness and miasma.
Your stone body is resilient. (AC +4)
You are immune to poison.
You resist negative energy. (rN+)
You are resistant to electric shocks. (rElec)
You are resistant to unholy torment.
You are immune to petrification.


   Skills:
 - Level 4.4 Fighting
 - Level 5.2 Axes
 - Level 3.2 Armour
 + Level 0.0 Dodging
 - Level 3.2 Shields


You had 5 spell levels left.
You didn't know any spells.
Your spell library was empty.

Inventory:

Hand Weapons
 i - a +0 flail
 Y - a +1 war axe (weapon)
Armour
 b - a +0 scale mail (worn)
 c - a +0 buckler (worn)
Jewellery
 k - a ring of positive energy (left hand)
Scrolls
 g - 2 scrolls of teleportation
 h - a scroll of identify
Potions
 a - 2 potions of curing
 d - a potion of might
 m - a potion of haste
 n - a potion of heal wounds {unknown}

Dungeon Overview and Level Annotations

Branches:
Dungeon (4/15)
 Temple: D:4-7

Altars:
Fedhas
Trog

Annotations:
D:4 Duvessa


Message History

Dowan is heavily wounded.
You barely miss Duvessa. You hit the goblin.
You kill the goblin!
Your extra speed is starting to run out.
A jackal comes into view.
Dowan hits you with a +1 dagger of venom!
You block Duvessa's attack.
The jackal moves out of view.
You slash Dowan!
You kill Dowan!
Duvessa screams, "No!
How DARE you!"
Duvessa goes berserk!
You hit Duvessa but do no damage. Duvessa barely misses you.
The goblin shoots a sling bullet.
The sling bullet barely misses you.
The sling bullet hits Duvessa.
Your Fighting skill increases to level 4!
You slash Duvessa!
Duvessa is moderately wounded.
You block Duvessa's attack. Duvessa misses you.
You slash Duvessa!
Duvessa is heavily wounded.
The goblin shoots a sling bullet.
You block the sling bullet. Duvessa hits you with a +0 rapier.
You closely miss Duvessa.
Duvessa is heavily wounded.
The goblin shoots a sling bullet.
The sling bullet closely misses you.
The sling bullet misses Duvessa.
Duvessa hits you with a +0 rapier.
You barely miss Duvessa.
Duvessa is heavily wounded.
You feel yourself slow down.
A jackal comes into view.
Duvessa hits you with a +0 rapier.
The goblin shoots a sling bullet.
The sling bullet completely misses you.
The sling bullet hits Duvessa.
The jackal barks!
3407 ||| READING 3 scrolls of teleportation.
As you read the scroll of teleportation, it crumbles to dust.
You feel strangely unstable. Duvessa hits you with a +0 rapier!
The goblin shoots a sling bullet.
The sling bullet barely misses you.
The sling bullet hits Duvessa but does no damage.
Duvessa hits you with a +0 rapier.
You die...

..............
..........>...#
g...h..........##
................#
...............[.
.................
..........)......
......g.)@e......
#...............$
#####.<..(......
##..........
##.....#...
####### ##


You could see Duvessa (berserk), a jackal and a goblin.

Vanquished Creatures
  A scorpion (D:3)
  Dowan (D:4)
  A howler monkey (D:4)
  2 orc priests (D:3)
  An adder (D:3)
  2 worms (D:3)
  A dart slug (D:2)
  2 orcs (D:3)
  3 ball pythons
  3 bats
  8 endoplasms
  A giant cockroach (D:1)
  10 goblins
  4 hobgoblins
  7 quokkas
  A frilled lizard (D:3)
  5 kobolds
  6 rats
59 creatures vanquished.

Notes
Turn   | Place    | Note
-------+----------+-------------------------------------------
     0 | D:1      | qw the Gargoyle Fighter began the quest for the Orb.
     0 | D:1      | Reached XP level 1. HP: 14/14 MP: 1/1
     0 | D:1      | 0 ||| qw: Version: 0.1-a-119-g272c26d
     0 | D:1      | 0 ||| qw: Game counter: 11108
     0 | D:1      | 0 ||| qw: Always use a shield: true
     0 | D:1      | 0 ||| qw: God list: Okawaru
     0 | D:1      | 0 ||| qw: Allow faded altars: false
     0 | D:1      | 0 ||| qw: Do Orc after D:15 true
     0 | D:1      | 0 ||| qw: Do second Lair branch before Depths: true
     0 | D:1      | 0 ||| qw: Lair rune preference: random
     0 | D:1      | 0 ||| qw: Plans: Normal, Zot, God:TSO, Crypt, Tomb, Pan,
                  | Slime, Hells, Zig, Abyss, Orb
     0 | D:1      | 0 ||| PLANNING D:1-11
    42 | D:1      | Reached skill level 2 in Axes
   228 | D:1      | Reached XP level 2. HP: 19/19 MP: 2/2
   721 | D:1      | Reached skill level 3 in Axes
   858 | D:1      | Reached XP level 3. HP: 23/23 MP: 3/3
  1052 | D:1      | 1052 ||| UPGRADING to ring of positive energy.
  1053 | D:1      | 1053 ||| READING 3 scrolls labelled VARYAMAFORA.
  1054 | D:1      | 1054 ||| READING scroll labelled DIZESM KIECRY.
  1055 | D:1      | 1055 ||| READING scroll labelled REORYNN VUATIZIAH.
  1060 | D:1      | 1060 ||| READING scroll labelled AKLIYN ROFIUSTE.
  1061 | D:1      | 1061 ||| DRINKING 2 brown potions.
  1062 | D:1      | 1062 ||| DROPPING 2 scrolls of poison.
  1063 | D:1      | 1063 ||| DROPPING potion of brilliance.
  1096 | D:2      | 1096 ||| STAIRDANCE
  1200 | D:2      | 1200 ||| FLEEEEING.
  1201 | D:2      | 1201 ||| FLEEEEING.
  1202 | D:2      | 1202 ||| STAIRDANCE
  1327 | D:1      | 1327 ||| READING scroll labelled XYSHOT RACW.
  1328 | D:1      | 1328 ||| READING scroll labelled AZXOCSO VOHAH.
  1563 | D:2      | 1563 ||| Stepping ~*~*~tactically~*~*~ (stealth).
  1564 | D:2      | 1564 ||| Stepping ~*~*~tactically~*~*~ (stealth).
  1701 | D:2      | 1701 ||| Stepping ~*~*~tactically~*~*~ (hiding).
  1903 | D:2      | Found a blossoming altar of Fedhas.
  2020 | D:2      | 2020 ||| READING scroll labelled OLELUN DUTUIF.
  2021 | D:2      | 2021 ||| DRINKING 3 green potions.
  2022 | D:2      | 2022 ||| READING 2 scrolls of identify.
  2022 | D:2      | 2022 ||| IDENTIFYING glowing clear potion
  2023 | D:2      | 2023 ||| DROPPING potion of ambrosia.
  2137 | D:3      | 2137 ||| Stepping ~*~*~tactically~*~*~ (stealth).
  2139 | D:3      | 2139 ||| Stepping ~*~*~tactically~*~*~ (stealth).
  2141 | D:3      | 2141 ||| Stepping ~*~*~tactically~*~*~ (hiding).
  2150 | D:3      | Reached XP level 4. HP: 9/28 MP: 4/4
  2152 | D:3      | Reached skill level 4 in Axes
  2362 | D:3      | Found a bloodstained altar of Trog.
  2363 | D:3      | 2363 ||| DROPPING +0 club.
  2504 | D:3      | 2504 ||| FLEEEEING.
  2505 | D:3      | 2505 ||| FLEEEEING.
  2506 | D:3      | 2506 ||| FLEEEEING.
  2507 | D:3      | 2507 ||| FLEEEEING.
  2508 | D:3      | 2508 ||| FLEEEEING.
  2509 | D:3      | 2509 ||| STAIRDANCE
  2635 | D:2      | 2635 ||| READING scroll labelled GAOTZUDGHERCH.
  2638 | D:3      | 2638 ||| Stepping ~*~*~tactically~*~*~ (hiding).
  2800 | D:3      | Reached XP level 5. HP: 32/32 MP: 5/5
  2985 | D:3      | Reached skill level 5 in Axes
  3361 | D:3      | 3361 ||| DROPPING ring of magical power.
  3362 | D:3      | 3362 ||| READING scroll labelled TONUAPS NAUCWALUJ.
  3363 | D:3      | 3363 ||| READING scroll labelled XACWORR JAUN.
  3364 | D:3      | 3364 ||| DRINKING 2 murky orange potions.
  3365 | D:3      | 3365 ||| READING 2 scrolls of identify.
  3365 | D:3      | 3365 ||| IDENTIFYING silvery potion
  3366 | D:3      | 3366 ||| DROPPING potion of degeneration.
  3392 | D:4      | Noticed Duvessa
  3392 | D:4      | Noticed Dowan
  3399 | D:4      | Reached XP level 6. HP: 35/38 MP: 6/6
  3402 | D:4      | Killed Dowan
  3406 | D:4      | HP: 8/39 [Duvessa/+0 rapier (5)]
  3407 | D:4      | 3407 ||| READING 3 scrolls of teleportation.
  3407 | D:4      | HP: 1/39 [Duvessa/+0 rapier (8)]
  3407 | D:4      | Slain by Duvessa

Levels and vault maps discovered:
D:1:      shiori_arrival_oz, layout_loops_ring
D:2:      wander_river, layout_rooms, basic_altar, dk_vineyard_3
D:3:      layout_loops_corners, lemuel_tele_altar
D:4:      layout_rooms, general_overflow_altar, okawaru_metal_pillars_1_2,
          yredelemnul_altar_generic, amcnicky_altar_gilded, lemuel_round_altar,
          biasface_ghost_orc_armoury, uniq_duvessa

Skill      XL: |  1  2  3  4  5  6 |
---------------+-------------------+-----
Axes           | 2 3 4 5 |  5.2
Fighting       | 4 |  4.4
Armour         | |  3.2
Shields        | |  3.2

Action                   |  1- 3 |  4- 6 || total
-------------------------+-------+-------++-------
Melee: War axe           |   122 |    61 ||   183
  Use: Scroll            |     8 |     5 ||    13
       Potion            |     2 |     1 ||     3
Armor: Scale mail        |    57 |    28 ||    85
Dodge: Dodged            |    39 |    30 ||    69
Block: Buckler           |    25 |     9 ||    34

Table legend:
 A = Non-vault XP
 B = Vault XP
 C = Vault XP percentage of total XP
 D = Non-vault monster count
 E = Vault monster count
 F = Vault count percentage of total count
                 A         B        C        D         E       F
            +---------+---------+-------+---------+---------+-------
      Total |     333 |      69 |  17.2 |      57 |       2 |   3.4
            +---------+---------+-------+---------+---------+-------
        D:1 |      34 |       2 |   5.6 |      21 |       1 |   4.5
        D:2 |      35 |       0 |   0.0 |      20 |       0 |   0.0
        D:3 |     206 |       0 |   0.0 |      13 |       0 |   0.0
        D:4 |      58 |      67 |  53.6 |       3 |       1 |  25.0
            +---------+---------+-------+---------+---------+-------
